 Dungeon Crawl Stone Soup version 0.29.1-1-gd02db6906a (webtiles) character file.

Game seed: 17324800973557384965

1015 LustLizard the Firebug (level 8, 0/66 HPs)
             Began as a Hill Orc Fire Elementalist on Sept 18, 2022.
             Was a Follower of Beogh.
             Slain by a wyvern skeleton (10 damage)
             ... on level 3 of the Dungeon.
             The game lasted 00:15:06 (6468 turns).

LustLizard the Firebug (Hill Orc Fire Elementalist) Turns: 6468, Time: 00:15:08

Health: 0/66       AC:  7    Str: 17    XL:     8   Next: 21%
Magic:  7/12       EV: 11    Int: 17    God:    Beogh [*.....]
Gold:   234        SH:  0    Dex: 15    Spells: 9/13 levels left

rFire   . . .      SeeInvis .   o - +3 spear "Conservator" {vorpal, rElec Dex+4}
rCold   . . .      Faith    .   (no shield)
rNeg    . . .      Spirit   .   C - +0 ring mail
rPois   .          Reflect  .   (no helmet)
rElec   +          Harm     .   q - +0 cloak
rCorr   .          Rampage  .   u - +0 pair of gloves
Will    .....                   (no boots)
Stlth   ++........              (no amulet)
HPRegen 0.21/turn               p - ring of flight
MPRegen 0.13/turn               x - +6 ring of strength

@: lethally poisoned (0 -> -7), about to teleport, flying, very slightly
contaminated
A: no striking features
a: Renounce Religion


You were on level 3 of the Dungeon.
You worshipped Beogh.
Beogh was aware of your devotion.
You visited 1 branch of the dungeon, and saw 5 of its levels.

You collected 234 gold pieces.

Inventory:

Hand Weapons
 d - a +0 whip
 o - the +3 spear "Conservator" (weapon) {vorpal, rElec Dex+4}
   (You found it on level 3 of the Dungeon)

   It inflicts extra damage upon your enemies.
   Dex:       It affects your dexterity (+4).
   rElec:     It insulates you from electricity.
Armour
 a - a +0 robe
 q - a +0 cloak (worn)
 u - a +0 pair of gloves (worn)
 C - a +0 ring mail (worn)
Jewellery
 p - a ring of flight (left hand)
 x - a +6 ring of strength (right hand)
Wands
 w - a wand of digging (2)
 y - a wand of charming (5)
Scrolls
 f - a scroll of torment
 g - a scroll of enchant armour {unknown}
 h - 4 scrolls of teleportation
 i - a scroll of enchant weapon {unknown}
 j - a scroll of immolation {unknown}
 k - a scroll of fear
 l - a scroll of poison {unknown}
 r - a scroll of magic mapping {unknown}
 s - a scroll of silence {unknown}
 v - a scroll of fog {unknown}
Potions
 b - a potion of magic
 c - 3 potions of curing
 e - 3 potions of resistance
 m - 3 potions of might
 n - 2 potions of lignification {unknown}
 t - 3 potions of ambrosia {unknown}
 z - a potion of degeneration {unknown}
 A - a potion of haste {unknown}
 B - a potion of berserk rage {unknown}
 D - a potion of attraction {unknown}


   Skills:
 + Level 3.7 Fighting
 - Level 1.5 Dodging
 + Level 3.2 Stealth
 + Level 3.0 Spellcasting
 * Level 4.6 Conjurations
 - Level 5.0 Fire Magic
 * Level 4.0 Earth Magic


You had 9 spell levels left.
You knew the following spells:

 Your Spells              Type           Power      Damage    Failure   Level
a - Foxfire               Conj/Fire      72%        2x1d7     4%          1
b - Stone Arrow           Conj/Erth      34%        3d9       16%         3

Your spell library contained the following spells:

 Spells                   Type           Power      Damage    Failure   Level
 Sandblast                Erth           32%        2d9       6%          1
 Scorch                   Fire           38%        2d6       6%          2
 Conjure Flame            Conj/Fire      18%        6-21      14%         3
 Static Discharge         Conj/Air       10%        3-5/arc   19%         2
 Passwall                 Tmut/Erth      7%         N/A       22%         2
 Inner Flame              Hex/Fire       11%        N/A       34%         3
 Flame Wave               Conj/Fire      18%        2d7       41%         4
 Lightning Bolt           Conj/Air       5%         1d17      98%         5
 Maxwell's Capacitive Co  Air            1%         ∞         100%        8


Dungeon Overview and Level Annotations

Branches:
Dungeon (5/15)             Temple (0/1) D:5

Altars:
Dithmenos
Hepliaklqana
Okawaru
Xom
Zin
The Shining One

Annotations:
D:3 1 transporter, TheBeaver's ghost, amateur DsDe


Message History

The foxfire hits the killer bee zombie.
The killer bee zombie is severely damaged.
The foxfire hits TheBeaver's ghost.
TheBeaver's ghost is lightly damaged.
TheBeaver's ghost completely misses you.
The killer bee zombie barely misses you.
The wyvern skeleton bites you! The centaur zombie barely misses you.
The centaur zombie closely misses you.
Casting: Foxfire (safe; 4% risk of failure)
Confirm with . or Enter, or press ? or * to list all spells.
You conjure some foxfire!
You feel sick. The killer bee zombie hits you. The wyvern skeleton bites you!
The centaur zombie barely misses you. The centaur zombie closely misses you.
TheBeaver's ghost wails, "You will never get the ORB!"
TheBeaver's ghost closely misses you.
The killer bee zombie hits you but does no damage.
The wyvern skeleton bites you.
* * * LOW HITPOINT WARNING * * *
You can't see any enemies this would affect, really read the scroll of fear?
Okay, then.
Okay, then.
As you read the scroll of teleportation, it crumbles to dust.
You feel strangely unstable.
You feel sick.
The foxfire hits TheBeaver's ghost.
TheBeaver's ghost is moderately damaged.
The foxfire hits the killer bee zombie.
The killer bee zombie is almost destroyed.
The killer bee zombie hits you but does no damage.
The centaur zombie hits you but does no damage.
The centaur zombie kicks you but does no damage.
TheBeaver's ghost closely misses you. The wyvern skeleton bites you!
* * * LOW HITPOINT WARNING * * *
The killer bee zombie barely misses you.
The centaur zombie barely misses you. x2
You feel better. The killer bee zombie hits you.
* * * LOW HITPOINT WARNING * * *
TheBeaver's ghost hits you.
* * * LOW HITPOINT WARNING * * *
You are poisoned.
The wyvern skeleton bites you!
You die...

######.#...............(.##...###
#.#(.......©............)...
#....#############..........
##...#.Z.........#.......... ####
#...#...........#.......... ...##
#...#..##...##..#..........
._..###...#..#8.Z.8#..#).########
.....##.).#..##ZWZ##.[#..#
.P...#....#.....@.....#..#
⌠~..†'....#..##.Z.##..#..#
.P...#.#..#..#8...8#..#..#
.....###..#..##...##..#..# ....##
#..#........W..#..# ..[##
#..#..[..$$...©#..# ####
#..#############..#
#........©........#
#.................#


You could see TheBeaver's ghost, a killer bee zombie, a centaur zombie, a wyvern
skeleton and a howler monkey skeleton.

Vanquished Creatures
  Grinder (D:3)
  A black bear (D:4)
  2 ice beasts (D:5)
  2 phantoms
  2 orc priests
  2 hounds (D:4)
  2 jellies (D:5)
  3 orc wizards
  6 adders
  2 white imps
  An ufetubus (D:5)
  3 worms
  2 dart slugs (D:4)
  12 orcs
  6 endoplasms
  4 giant cockroaches
  5 hobgoblins
  4 kobolds
  2 quokkas
  6 ball pythons
  4 bats
  2 frilled lizards
  11 goblins
  A goblin zombie (D:4)
  2 hobgoblin zombies (D:4)
  A kobold zombie (D:4)
  2 orc skeletons (D:4)
  An orc zombie (D:4)
  3 rats
95 creatures vanquished.

Vanquished Creatures (collateral kills)
  A foxfire (D:1)
1 creature vanquished.

Vanquished Creatures (others)
  A demonic plant (D:1)
  345 foxfires
  2 fungi (D:1)
  A plant (D:1)
349 creatures vanquished.

Grand Total: 445 creatures vanquished

Notes
Turn   | Place    | Note
-------+----------+-------------------------------------------
     0 | D:1      | LustLizard the Hill Orc Fire Elementalist began the quest
                  | for the Orb.
     0 | D:1      | Reached XP level 1. HP: 14/14 MP: 3/3
   210 | D:1      | Found a faded altar of an unknown god.
   439 | D:1      | Reached XP level 2. HP: 20/20 MP: 1/4
  1492 | D:2      | Reached XP level 3. HP: 27/27 MP: 2/5
  1580 | D:2      | Reached skill level 1 in Fighting
  1862 | D:2      | Learned a level 3 spell: Stone Arrow
  1926 | D:2      | Found an iron altar of Okawaru.
  2163 | D:2      | Reached XP level 4. HP: 35/35 MP: 3/6
  2440 | D:3      | Reached skill level 4 in Fire Magic
  2478 | D:3      | Found a transporter.
  2480 | D:3      | Noticed TheBeaver's ghost (amateur DsDe)
  2550 | D:3      | Became a worshipper of Beogh the Brigand
  2720 | D:3      | Identified the +3 spear "Conservator" {vorpal, rElec Dex+4}
  2965 | D:3      | Found a faded altar of an unknown god.
  2965 | D:3      | Found a faded altar of an unknown god.
  3023 | D:3      | Found a hazy altar of Hepliaklqana.
  3058 | D:3      | Found a transporter.
  3122 | D:3      | Noticed Grinder
  3151 | D:3      | Killed Grinder
  3152 | D:3      | Reached skill level 1 in Earth Magic
  3152 | D:3      | Reached XP level 5. HP: 22/42 MP: 0/8
  3152 | D:3      | Reached XP level 6. HP: 26/49 MP: 0/9
  3844 | D:4      | Found a glowing golden altar of the Shining One.
  3867 | D:4      | Noticed a black bear
  4325 | D:4      | Reached skill level 5 in Fire Magic
  4457 | D:4      | Reached XP level 7. HP: 56/56 MP: 3/10
  4704 | D:4      | Reached * piety under Beogh
  4902 | D:4      | Found a shimmering altar of Xom.
  4903 | D:4      | Noticed an angel
  4904 | D:4      | Found a glowing silver altar of Zin.
  5142 | D:5      | Entered Level 5 of the Dungeon
  5186 | D:5      | Found a shadowy altar of Dithmenos.
  5801 | D:5      | Found a staircase to the Ecumenical Temple.
  5856 | D:5      | Reached XP level 8. HP: 63/63 MP: 6/12
  6468 | D:3      | Slain by a wyvern skeleton

Illustrated notes

Levels and vault maps discovered:
D:1:      dpeg_arrival_brainrot, layout_loops_corners,
          shapermc_ecumenical_altar_gd, st_stairs_1
D:2:      layout_loops_ring, basic_altar, fountainhead, minmay_goblin_outpost
D:3:      layout_basic, nicolae_hepliaklqana_ecumenical_no_more,
          gammafunk_ghost_mausoleum, uniq_grinder
D:4:      layout_basic, grunt_temple_overflow_order_and_chaos_1,
          nicolae_tso_besieged_by_evil, dreamdust_wishing_well
D:5:      layout_loops_ring, kennysheep_mini_moat, temple_fountains

Skill      XL: |  1  2  3  4  5  6  7  8 |
---------------+-------------------------+-----
Fighting       | 1 2 3 |  3.7
Conjurations   | 2 3 4 |  4.6
Fire Magic     | 4 5 |  5.0
Stealth        | 2 3 |  3.2
Spellcasting   | 2 3 |  3.0
Earth Magic    | 1 2 3 4 |  4.0
Dodging        | |  1.5

Action                   |  1- 3 |  4- 6 |  7- 9 || total
-------------------------+-------+-------+-------++-------
Melee: Whip              |     5 |     5 |       ||    10
       Spear             |       |    42 |    25 ||    67
       Punch             |       |       |     2 ||     2
 Cast: Foxfire           |    53 |    74 |    71 ||   198
       Stone Arrow       |       |     1 |       ||     1
Invok: Convert to Beogh  |       |     1 |       ||     1
  Use: Scroll            |       |     5 |     2 ||     7
       Potion            |       |     1 |     1 ||     2
 Stab: Sleeping          |       |     1 |       ||     1
Armor: Robe              |       |     4 |     3 ||     7
       Ring mail         |       |       |    18 ||    18
Dodge: Dodged            |     2 |    16 |    31 ||    49
